AoeStats
← Linkyboy28

Fortress

509409521Analyzed
4v4 RM · 6d ago on Sep 26, 2026· 36m 36s· 8 players
Game mode
Random Map
Map size
Huge
Population
200
Speed
Normal
Resources
Standard
Victory
Conquest
Starting age
Dark Age
Ending age
Imperial Age
RankedLock teamsTeams togetherTeam positionsShared explorationLock speedFull tech treeHidden civsTurbo modeCheats
Victory
Defeat
🇹🇷 Berbers · Türkiye
1053
+13
🇹🇷 Inca · Türkiye
969
+16
🇹🇷 Bohemians · Türkiye
968
+16
🇮🇳 Italians · India
960
+17
🇺🇸 Franks · United States
1005
-16
🇺🇸 Slavs · United States
983
-16
🇺🇸 Huns · United States
973
-15
🇺🇸 Britons · United States
957
-44
Linkyboy28
1:47 Loom
7:08 Feudal Age
10:40 Wheelbarrow
9:51 Town Watch
10:49 Horse Collar
10:59 Double-Bit Axe
20:24 Castle Age
18:51 Arson
19:21 Forging
19:12 Scale Mail Armor
19:20 Scale Barding Armor
19:08 Fletching
19:20 Padded Archer Armor
22:36 Hand Cart
22:23 Town Patrol
23:47 Gambesons
24:03 Squires
23:26 Man-at-Arms
29:19 Long Swordsman
Merellia
10:17 Feudal Age
8:34 Loom
11:07 Double-Bit Axe
14:48 Castle Age
13:56 Horse Collar
13:43 Man-at-Arms
15:21 Elite Skirmisher
15:51 Town Watch
17:50 Wheelbarrow
18:20 Stone Mining
20:06 Hand Cart
21:06 Squires
21:14 Fletching
23:18 Bodkin Arrow
25:10 Ballistics
25:16 Padded Archer Armor
29:17 Leather Archer Armor
34:17 Pikeman
tequilamockingbird
7:13 Feudal Age
13:27 Castle Age
13:24 Scale Barding Armor
18:54 Loom
20:04 Marauders
23:10 Forging
23:06 Double-Bit Axe
27:16 Wheelbarrow
30:03 Chain Barding Armor
31:44 Iron Casting
35:47 Imperial Age
Valkyrie
8:55 Feudal Age
9:16 Feudal Age
7:34 Loom
12:36 Double-Bit Axe
15:22 Castle Age
15:37 Gold Mining
18:07 Scale Barding Armor
18:12 Forging
18:04 Husbandry
20:02 Husbandry
20:40 Iron Casting
20:26 Chain Barding Armor
24:05 Wheelbarrow
24:34 Gold Shaft Mining
24:13 Stone Mining
25:11 Hand Cart
25:19 Bow Saw
31:04 Imperial Age
30:35 Ordonnance Companies
31:48 Chivalry
32:08 Conscription
31:38 Cavalier
33:22 Plate Barding Armor
33:47 Blast Furnace
heynab
8:23 Feudal Age
6:48 Loom
10:30 Double-Bit Axe
14:32 Castle Age
12:17 Horse Collar
12:34 Double-Bit Axe
14:00 Fletching
15:47 Wheelbarrow
15:45 Crossbowman
16:30 Bodkin Arrow
17:30 Bow Saw
18:15 Heavy Plow
20:34 Ballistics
22:00 Murder Holes
22:25 Padded Archer Armor
24:30 Leather Archer Armor
27:09 Hand Cart
27:29 Caravan
32:54 Imperial Age
31:36 Scale Mail Armor
31:47 Forging
31:42 Scale Barding Armor
33:03 Arbalester
36:18 Ring Archer Armor
37:14 Squires
36:34 Pikeman
CapYafes
6:30 Loom
9:01 Feudal Age
14:15 Castle Age
12:48 Double-Bit Axe
13:26 Horse Collar
13:40 Gold Mining
13:40 Stone Mining
14:36 Forging
18:42 Bow Saw
18:33 Heavy Plow
21:19 Fortified Wall
21:31 Ballistics
22:45 Town Watch
24:42 Caravan
31:47 Imperial Age
30:52 Wheelbarrow
31:28 Gold Shaft Mining
32:29 Forging
32:19 Scale Mail Armor
32:37 Elite Kamayuk
35:18 Iron Casting
34:58 Chain Mail Armor
Just Eren
9:31 Feudal Age
9:42 Feudal Age
13:56 Castle Age
13:06 Horse Collar
13:13 Double-Bit Axe
15:11 Bow Saw
16:13 Bow Saw
16:24 Loom
19:26 Heavy Plow
20:10 Wheelbarrow
21:39 Fletching
22:00 Gold Mining
22:01 Stone Mining
24:00 Treadmill Crane
25:32 Husbandry
26:32 Bodkin Arrow
27:10 Ballistics
27:02 Fortified Wall
27:51 Gold Shaft Mining
27:27 Padded Archer Armor
28:24 Bloodlines
28:35 Leather Archer Armor
29:14 Masonry
31:45 Imperial Age
30:06 Masonry
30:17 Scale Barding Armor
31:26 Stone Shaft Mining
30:30 Light Cavalry
32:12 Chain Barding Armor
32:25 Forging
32:34 Bracer
33:28 Ring Archer Armor
34:55 Iron Casting
34:57 Plate Barding Armor
35:32 Conscription
37:02 Hand Cart
iamlegolas312
0:57 Loom
9:15 Feudal Age
10:16 Double-Bit Axe
10:36 Gold Mining
10:28 Horse Collar
16:09 Castle Age
16:17 Fletching
16:27 Padded Archer Armor
17:47 Bodkin Arrow
18:07 Leather Archer Armor
17:49 Stone Mining
18:25 Heavy Plow
19:35 Stone Shaft Mining
20:27 Silk Road
22:56 Caravan
28:17 Bow Saw
29:33 Wheelbarrow
28:43 Town Watch
32:02 Imperial Age
34:11 Conscription
34:07 Bracer
36:36 Hand Cart
Connection lost

Rejoining the realm…

Still unreachable

The connection could not be restored.

Session expired

The server has moved on; the page needs a fresh start.